 Dungeon Crawl Stone Soup version 0.31-a0-544-gceb718ecc6 (webtiles) character file.

Game seed: 1154005678830437974

277 IdlyInterested the Grappler (level 6, -4/48 HPs)
             Began as a Demonspawn Fighter on Aug 15, 2023.
             Slain by dialectric's ghost (9 damage)
             ... on level 3 of the Dungeon.
             The game lasted 00:07:25 (2527 turns).

IdlyInterested the Grappler (Demonspawn Fighter)    Turns: 2527, Time: 00:07:25

Health: -4/48      AC:  7    Str: 17    XL:     6   Next: 4%
Magic:  6/6        EV:  9    Int:  9    God:
Gold:   172        SH: 10    Dex: 14    Spells: 5/5 levels left

rFire   . .          .
                       - Unarmed
rCold   . . .        c - +0 buckler
rNeg    . . .        b - +0 scale mail
rPois   .            (no helmet)
rElec   .            j - +0 cloak
rCorr   .            (no gloves)
SInv    .            (no boots)
Will    .....        e - amulet of reflection Stlth
                     (no ring)
HPRegen 0.28/turn    (no ring)
MPRegen 0.10/turn

%: reflection
@: mighty, on berserk cooldown, slowed, very slow
A: claws 2, powered by pain 2
a: no special abilities


You were on level 3 of the Dungeon.
You visited 1 branch of the dungeon, and saw 3 of its levels.

You collected 172 gold pieces.

Inventory:

Hand Weapons
 a - a +0 rapier
 n - a +0 trident
Missiles
 h - 10 boomerangs
 l - 11 poisoned darts
 m - 17 stones (quivered)
 s - 3 javelins
 u - 3 throwing nets
Armour
 b - a +0 scale mail (worn)
 c - a +0 buckler (worn)
 j - a +0 cloak (worn)
 k - a +0 robe
 o - a +0 pair of gloves
Jewellery
 e - an amulet of reflection (around neck)
Scrolls
 i - a scroll of poison
 p - a scroll of fear
 q - 3 scrolls of immolation
 v - a scroll of blinking {unknown}
Potions
 g - a potion of curing {unknown}
 r - 2 potions of mutation
 t - a potion of lignification


   Skills:
 + Level 4.2 Fighting
 - Level 2.0 Short Blades
 - Level 1.0 Throwing
 - Level 3.0 Armour
 - Level 1.0 Stealth
 - Level 3.0 Shields
 + Level 9.7 Unarmed Combat


You had 5 spell levels left.
You didn't know any spells.
Your spell library contained the following spells:

 Spells                   Type           Power      Damage    Failure   Level
 Sandblast                Erth           0%         2d4       86%         1
 Passwall                 Tmut/Erth      0%         N/A       95%         2
 Stone Arrow              Conj/Erth      0%         3d7       99%         3
 Animate Dead             Necr           0%         N/A       100%        4
 Haunt                    Necr/Summ      0%         N/A       100%        7
 Infestation              Necr           0%         N/A       100%        8


Dungeon Overview and Level Annotations

Branches:
Dungeon (3/15)

Altars:
Xom

Annotations:
D:3 1 transporter, dialectric's ghost, amateur MiSh


Innate Abilities, Weirdness & Mutations

You have very sharp fingernails.
You sometimes gain power by taking damage.


Message History

You barely miss dialectric's ghost. You scratch dialectric's ghost.
Dialectric's ghost is lightly damaged.
You are no longer berserk.
You are exhausted.
You feel yourself slow down. You block dialectric's ghost's attack.
You scratch dialectric's ghost.
Dialectric's ghost is lightly damaged.
Dialectric's ghost hits you!
You closely miss dialectric's ghost.
Dialectric's ghost is lightly damaged.
You block dialectric's ghost's attack.
You barely miss dialectric's ghost.
Dialectric's ghost is lightly damaged.
Dialectric's ghost barely misses you.
You feel very mighty all of a sudden. Dialectric's ghost hits you!
Dialectric's ghost closely misses you.
You barely miss dialectric's ghost.
Dialectric's ghost is lightly damaged.
You block dialectric's ghost's attack.
You barely miss dialectric's ghost.
Dialectric's ghost is lightly damaged.
Dialectric's ghost hits you.
You barely miss dialectric's ghost.
Dialectric's ghost is lightly damaged.
You block dialectric's ghost's attack. Dialectric's ghost hits you!
* * * LOW HITPOINT WARNING * * *
You claw dialectric's ghost!
Dialectric's ghost is heavily damaged.
Dialectric's ghost hits you but does no damage.
You claw dialectric's ghost!
Dialectric's ghost is almost destroyed.
You are no longer corroded.
Dialectric's ghost hits you!
* * * LOW HITPOINT WARNING * * *
You barely miss dialectric's ghost.
Dialectric's ghost is almost destroyed.
Dialectric's ghost ripples.
Dialectric's ghost hits you!
You die...

#.# #.#####..###.## ##.##
#.# ##.............##
###...# #.#
#.......©...)...# #...#.#
#.# #...#########...#
#.#...# #.#
#..##8.$$$.8##..# #.#####
#.####..#.........#..# #.#
....##..#.##...##.#..# #.#
....##..#.##...##.#..# #)#
....##..#....©wW@.#..# #.#
....##..#.##.[.##.#..# #.#
....##..#.##...##.#..# #.#
~.####..#.......?©#..# #.#
#.####..##8.....8##).###.#
#~.......#########....##.#
~...##.......©........##.#
#...###..................#
..### #######.######...###


You could see a worm and dialectric's ghost.

Vanquished Creatures
  A jelly (D:3)
  Jessica (D:3)
  An iguana (D:3)
  7 gnolls (D:3)
  An adder (D:2)
  A worm (D:2)
  A dart slug (D:1)
  2 orcs (D:3)
  3 bats
  4 endoplasms
  2 giant cockroaches (D:2)
  5 hobgoblins
  2 jackals (D:2)
  4 quokkas
  9 ball pythons
  4 frilled lizards
  4 goblins
  3 kobolds
  2 rats
  A spectral kobold (D:3)
58 creatures vanquished.

Notes
Turn   | Place    | Note
-------+----------+-------------------------------------------
     0 | D:1      | IdlyInterested the Demonspawn Fighter began the quest for
                  | the Orb.
     0 | D:1      | Reached XP level 1. HP: 18/18 MP: 1/1
   487 | D:1      | Gained mutation: You sometimes gain a little power by
                  | taking damage. [demonic ancestry]
   487 | D:1      | Reached XP level 2. HP: 24/24 MP: 2/2
   996 | D:2      | Gained mutation: You have sharp fingernails. [demonic
                  | ancestry]
   996 | D:2      | Reached XP level 3. HP: 27/29 MP: 3/3
  1155 | D:2      | Reached skill level 1 in Throwing
  1585 | D:2      | Reached skill level 9 in Unarmed Combat
  1585 | D:2      | Gained mutation: You have very sharp fingernails. [demonic
                  | ancestry]
  1585 | D:2      | Reached XP level 4. HP: 37/37 MP: 4/4
  1603 | D:3      | Found a shimmering altar of Xom.
  1608 | D:3      | Reached skill level 1 in Stealth
  1707 | D:3      | Reached XP level 5. HP: 30/42 MP: 5/5
  2064 | D:3      | Found a faded altar of an unknown god.
  2208 | D:3      | Noticed Jessica
  2210 | D:3      | Killed Jessica
  2217 | D:3      | Found a transporter.
  2219 | D:3      | Found a transporter.
  2219 | D:3      | Noticed dialectric's ghost (amateur MiSh)
  2513 | D:3      | Gained mutation: You sometimes gain power by taking damage.
                  | [demonic ancestry]
  2513 | D:3      | Reached XP level 6. HP: 48/48 MP: 6/6
  2527 | D:3      | Slain by dialectric's ghost

Illustrated notes

Levels and vault maps discovered:
D:1:      scummos_arrival_simple_fountains, layout_loops_ring
D:2:      layout_basic, kennysheep_generic_room_10
D:3:      layout_loops_ring, lemuel_round_altar,
          dreamdust_ecumenical_altar_drowned_temple, gammafunk_ghost_arena,
          chequers_serial_rivers_micro_c, uniq_jessica

Skill      XL: |  1  2  3  4  5 |
---------------+----------------+-----
Short Blades   | 2 |  2.0
Armour         | 3 |  3.0
Shields        | 3 |  3.0
Throwing       | 1 |  1.0
Unarmed Combat | 9 |  9.7
Stealth        | 1 |  1.0
Fighting       | 4 |  4.2

Action                     |  1- 3 |  4- 6 || total
---------------------------+-------+-------++-------
  Melee: Rapier            |   119 |       ||   119
         Unarmed           |       |    69 ||    69
    Use: Scroll            |     6 |       ||     6
         Potion            |     1 |     4 ||     5
 Armour: Scale mail        |    46 |    16 ||    62
  Dodge: Dodged            |    46 |    18 ||    64
  Block: Buckler           |    54 |    32 ||    86
         Reflection        |       |     1 ||     1

Table legend: (Time is in decaauts)
 A = Elapsed time spent in this place.
 B = Non-inter-level travel time spent in this place.
 C = Inter-level travel time spent in this place.
 D = Time resting spent in this place.
 E = Time spent auto-exploring this place.
 F = Levels seen in this place.
 G = Mean time per level.
                   A        B        C        D        E       F      G
               +--------+--------+--------+--------+--------+-----+--------+
         Total |   2550 |   2312 |    238 |    278 |   1381 |   3 |  850.0 |
       Dungeon |   2550 |   2312 |    238 |    278 |   1381 |   3 |  850.0 |
               +--------+--------+--------+--------+--------+-----+--------+

Top non-repeatable levels by time:
     D:3: 959 daAuts
     D:1: 841 daAuts
     D:2: 750 daAuts
